 Dungeon Crawl Stone Soup version 0.25.0-8-gfd19cd77bd (webtiles) character file.

Game seed: 2375275799269994641

39 Krehm the Insei (level 3, -34/27 HPs)
             Began as a Merfolk Transmuter on June 16, 2020.
             Killed from afar by Jessica (41 damage)
             ... with an exploding inner flame
             ... hexed by the player character
             ... on level 2 of the Dungeon.
             The game lasted 00:14:51 (1912 turns).

Krehm the Insei (Merfolk Transmuter)                Turns: 1912, Time: 00:14:57

Health: -34/27     AC:  3    Str: 10    XL:     3   Next: 47%
Magic:  6/6        EV: 13    Int: 13    God:
Gold:   81         SH:  0    Dex: 14    Spells: 2/6 levels left

rFire    . . .     SeeInvis .     - Unarmed
rCold    . . .     Gourm    .   (no shield)
rNeg     . . .     Faith    .   b - +0 robe
rPois    .         Spirit   .   (no helmet)
rElec    .         Reflect  .   (no cloak)
rCorr    .         Harm     .   (no gloves)
MR       .....                  c - +0 pair of boots
Stlth    +.........             (no amulet)
HPRegen  0.09/turn              (no ring)
MPRegen  0.10/turn              (no ring)

@: slowed, very slow
A: change form in water, swift swim, stealthy swim
a: no special abilities


You were on level 2 of the Dungeon.
You were hungry.

You visited 1 branch of the dungeon, and saw 2 of its levels.

You collected 81 gold pieces.

Inventory:

Missiles
 a - 12 arrows
Armour
 b - a +0 robe (worn)
 c - a +0 pair of boots (worn)
Scrolls
 j - a scroll of identify {unknown}
 k - a scroll of fog {unknown}
Potions
 l - a potion of heal wounds {unknown}
Comestibles
 d - 4 rations


   Skills:
 + Level 1.9 Fighting
 - Level 2.6 Dodging
 + Level 3.6 Unarmed Combat
 + Level 2.4 Spellcasting
 + Level 3.3 Transmutations
 * Level 0.7 Poison Magic


You had 2 spell levels left.
You knew the following spells:

 Your Spells              Type           Power        Failure   Level  Hunger
a - Beastly Appendage     Tmut           ##....       6%          1    #......
b - Spider Form           Tmut/Pois      #.........   32%         3    ###....

Your spell library contained the following spells:

 Spells                   Type           Power        Failure   Level  Hunger
 Sticks to Snakes         Tmut           ##......     10%         2    ###....
 Ice Form                 Ice/Tmut       #.......     77%         4    #####..
 Blade Hands              Tmut           ##........   86%         5    ######.


Dungeon Overview and Level Annotations

Branches:
Dungeon (2/15)

Altars:

Annotations:
D:2 Natasha


Message History

Jessica blinks!
Natasha barely misses you.
You feel better. Jessica hits you but does no damage.
Natasha mumbles some strange words.
You feel troubled. Natasha claws you.
* * * LOW HITPOINT WARNING * * *
Jessica barely misses you.
You feel better. Jessica hits you.
* * * LOW HITPOINT WARNING * * *
Natasha misses you. Natasha casts a spell at you.
You resist with significant effort. Jessica misses you. Jessica misses you.
You hit Jessica.
Flame seeps out of Jessica.
Jessica is almost dead.
Jessica is engulfed in blazing flames.
Jessica explodes!
The fiery explosion engulfs you!!!
Ouch! That really hurt!
You die...

#.......# #....§..#
#[......# #.......#
#.......# ..
#####.#####.## ###
#.#...... ..#
#.#.##..# #.#
#.#@##..# #.#
#.#○##..#
#.####.§h§...#
#............#
#........#.#.####.##
#.#####..#.#.# #.#
#..#.#.# #.#
#..#.#.# #.#
.....#.# #.#


You could see Natasha (inner flame).

Vanquished Creatures
  A dart slug (D:1)
  2 leopard geckos (D:1)
  3 bats (D:1)
  4 giant cockroaches
  4 goblins (D:1)
  5 hobgoblins (D:1)
  3 jackals (D:1)
  4 kobolds (D:1)
  3 rats (D:1)
29 creatures vanquished.

Notes
Turn   | Place    | Note
-------+----------+-------------------------------------------
     0 | D:1      | Krehm the Merfolk Transmuter began the quest for the Orb.
     0 | D:1      | Reached XP level 1. HP: 15/15 MP: 3/3
   396 | D:1      | Reached XP level 2. HP: 21/21 MP: 3/5
  1071 | D:1      | Reached XP level 3. HP: 23/27 MP: 4/6
  1119 | D:1      | Learned a level 3 spell: Spider Form
  1881 | D:2      | Noticed Jessica
  1900 | D:2      | Noticed Natasha
  1912 | D:2      | Killed Jessica
  1912 | D:2      | Killed from afar by Jessica

Illustrated notes

Levels and vault maps discovered:
D:1:      scummos_arrival_simple_crosswalls, layout_basic, minmay_heptomino_o4
D:2:      layout_basic, nicolae_overflow_crystal_walls, first_ration,
          uniq_jessica, uniq_natasha, uniq_robin, uniq_terence

Skill      XL: |  1  2 |
---------------+-------+-----
Transmutations | 3 |  3.3
Fighting       | |  1.9
Dodging        | |  2.6
Unarmed Combat | |  3.6
Spellcasting   | |  2.4
Poison Magic   | |  0.7

Action                   || total
-------------------------++-------
Melee: Unarmed           ||   102
       Headbutt          ||    11
 Cast: Beastly Appendage ||    18
  Use: Potion            ||     4
       Scroll            ||     3
  Eat: Chunk             ||     3
Armor: Robe              ||    28
Dodge: Dodged            ||    72
